 Dungeon Sprint DCSS version 0.22-a0-358-g7563fe7 (webtiles) character file.

237 emperorscorpion the Ruffian (level 5, -3/53 HPs)
             Began as a Troll Skald on Apr 18, 2018.
             Was an Initiate of Ru.
             Slain by a vampire (7 damage)
             ... in the Dungeon (Sprint IX: "|||||||||||||||||||||||||||||").
             The game lasted 00:01:01 (120 turns).

emperorscorpion the Ruffian (Troll Skald)            Turns: 120, Time: 00:01:03

Health: -3/53      AC:  5    Str: 25    XL:     5   Next: 77%
Magic:  5/8        EV: 11    Int:  9    God:    Ru [......]
Gold:   0          SH:  0    Dex: 10    Spells: 8/9 levels left

rFire    . . .     SeeInvis .     - Unarmed
rCold    . . .     Gourm    +   (no shield)
rNeg     . . .     Faith    .   a - +0 robe
rPois    .         Spirit   .   (helmet restricted)
rElec    .         Reflect  .   (no cloak)
rCorr    .         Harm     .   (gloves unavailable)
MR       .....     NoTele   +   (boots unavailable)
Stlth    +.........             (no amulet)
HPRegen  0.57/turn              o - +3 ring of strength
MPRegen  0.11/turn              p - +3 ring of strength

@: confused, berserk cooldown, slowed, very slow
A: large, unfitting armour, claws 3, fast metabolism 3, gourmand, regeneration
1, shaggy fur 1, tough skin 2
a: Renounce Religion


You were in the Dungeon.
You worshipped Ru.
Ru was noncommittal.
You were very full.

You visited 1 branch

Inventory:

Armour
 a - a +0 robe (worn)
Magical Staves
 n - an uncursed staff of energy
Jewellery
 o - a +3 ring of strength (left claw)
 p - a +3 ring of strength (right claw)
Wands
 m - a wand of iceblast (10)
Scrolls
 i - 2 scrolls of blinking
 k - 3 scrolls of remove curse
 l - 2 scrolls of amnesia
Potions
 d - 5 potions of curing
 e - 2 potions of heal wounds
 f - a potion of haste
 g - 4 potions of magic
 j - a potion of invisibility
Comestibles
 b - 5 chunks of flesh
 c - 2 rations


   Skills:
 + Level 3.3 Fighting
 + Level 4.8 Dodging
 + Level 0.1 Stealth
 + Level 6.2 Unarmed Combat
 + Level 2.9 Spellcasting
 + Level 5.2 Charms


You had 8 spell levels left.
You knew the following spells:

 Your Spells              Type           Power        Failure   Level  Hunger
a - Infusion              Chrm           ##..         3%          1    ##.....


Dungeon Overview and Level Annotations

Branches:
Dungeon (1/1)

Altars:
Cheibriados
Dithmenos
Elyvilon
Fedhas
Gozag
Hepliaklqana
Kikubaaqudgha
Makhleb
Nemelex Xobeh
Okawaru
Qazlal
Ru
Sif Muna
Trog
Uskayaw
Vehumet
Wu Jian
Xom
Yredelemnul
Zin
The Shining One
Beogh
Jiyva
Lugonu


Innate Abilities, Weirdness & Mutations

You are too large for most types of armour.
You have claws for hands.
Your metabolism is lightning-fast.
You like to eat raw meat.
Your natural rate of healing is unusually fast.
You are covered in fur. (AC +1)
You have very tough skin. (AC +2)


Message History

You see here a hippogriff corpse.
You miss something. Something hits you! Something bites you but does no damage.
You claw something! You barely miss something. Something hits you.
Something bites you!
* * * LOW HITPOINT WARNING * * *
Something draws strength from your injuries!
You barely miss something.
You hear some strange, mumbled words.
You are confused.
There is an open door to the Dungeon, spattered with blood here.
You bump into the unnaturally hard rock wall.
You feel a strong urge to attack something.
You barely miss something. You claw something.
You bump into the unnaturally hard rock wall.
You are no longer berserk.
You are exhausted.
You feel yourself slow down. Something hits you!
* * * LOW HITPOINT WARNING * * *
Something bites you!
You die... ▓▓▓▓▓▓▓▓▓▓▓▓▓▓▓▓▓▓▓▓▓▓▓▓ ______'...)[[[..@†a.SYy+ ▓▓▓▓▓▓▓▓▓▓▓▓▓▓▓▓▓▓▓▓▓▓▓▓

You could see an ice beast, a worker ant, a killer bee and an adder.

Vanquished Creatures
  A hippogriff (D)
  A worker ant (D)
  An orc wizard (D)
  An adder skeleton (D)
  A dart slug (D)
  A leopard gecko (D)
  An orc (D)
  A giant cockroach (D)
  2 hobgoblins (D)
  A rat (D)
11 creatures vanquished.

Notes
Turn   | Place    | Note
-------+----------+-------------------------------------------
     0 | D        | emperorscorpion the Troll Skald began the quest for the Orb.
     0 | D        | Reached XP level 1. HP: 19/19 MP: 1/1
    12 | D        | Reached XP level 2. HP: 28/28 MP: 1/3
    29 | D        | Reached skill level 3 in Unarmed Combat
    29 | D        | Reached XP level 3. HP: 25/35 MP: 2/4
    50 | D        | Found a roughly hewn altar of Beogh.
    50 | D        | Found a snail-covered altar of Cheibriados.
    50 | D        | Found a shadowy altar of Dithmenos.
    50 | D        | Found a white marble altar of Elyvilon.
    50 | D        | Found a blossoming altar of Fedhas.
    50 | D        | Found an opulent altar of Gozag.
    51 | D        | Found a hazy altar of Hepliaklqana.
    52 | D        | Found a viscous altar of Jiyva.
    53 | D        | Found an ancient bone altar of Kikubaaqudgha.
    54 | D        | Found a corrupted altar of Lugonu.
    55 | D        | Found a burning altar of Makhleb.
    56 | D        | Found a sparkling altar of Nemelex Xobeh.
    57 | D        | Found an iron altar of Okawaru.
    58 | D        | Found a stormy altar of Qazlal.
    59 | D        | Found a sacrificial altar of Ru.
    60 | D        | Found a deep blue altar of Sif Muna.
    61 | D        | Found a bloodstained altar of Trog.
    62 | D        | Found a hide-covered altar of Uskayaw.
    63 | D        | Found a radiant altar of Vehumet.
    64 | D        | Found an ornate altar of the Wu Jian Council.
    71 | D        | Found a shimmering altar of Xom.
    72 | D        | Found a basalt altar of Yredelemnul.
    73 | D        | Became a worshipper of Ru the Awakened
    74 | D        | Found a glowing silver altar of Zin.
    75 | D        | Found a glowing golden altar of the Shining One.
   102 | D        | Noticed a hippogriff
   102 | D        | Noticed a vampire
   102 | D        | Noticed an ice beast
   102 | D        | Noticed a killer bee
   111 | D        | Killed a hippogriff
   111 | D        | Reached skill level 6 in Unarmed Combat
   111 | D        | Reached skill level 5 in Charms
   111 | D        | Reached XP level 4. HP: 44/45 MP: 5/7
   111 | D        | Reached XP level 5. HP: 52/53 MP: 5/8
   120 | D        | Slain by a vampire

Vault maps used:
D:        linesprint

Skill      XL: |  1  2  3 |
---------------+----------+-----
Dodging        | 2 4 |  4.8
Fighting       | 2 3 |  3.3
Unarmed Combat | 3 6 |  6.2
Charms         | 3 5 |  5.2
Spellcasting   | 2 |  2.9
Stealth        | |  0.1

Action                   |  1- 3 |  4- 6 || total
-------------------------+-------+-------++-------
Melee: Unarmed           |    31 |     5 ||    36
       Punch             |     3 |     1 ||     4
  Use: Potion            |     2 |       ||     2
 Stab: Sleeping          |     1 |       ||     1
  Eat: Chunk             |     6 |       ||     6
Armor: Robe              |     8 |     1 ||     9
Dodge: Dodged            |    11 |       ||    11

Table legend:
 A = Spawn XP
 B = Non-spawn XP
 C = Spawn XP percentage of total XP
 D = Spawn monster count
 E = Non-spawn monster count
 F = Spawn count percentage of total count
 G = Total turns spent on level
                    A         B        C        D         E        F      G
               +---------+---------+-------+---------+---------+-------+---------
         Total |       0 |     339 |   0.0 |       0 |      11 |   0.0 |   120
               +---------+---------+-------+---------+---------+-------+---------
             D |       0 |     339 |   0.0 |       0 |      11 |   0.0 |   120
               +---------+---------+-------+---------+---------+-------+---------
